 Dungeon Crawl Stone Soup version 0.30.0-29-ga12c61a403 (webtiles) character file.

Game seed: 13955715422784551026

765 GimliDwarf the Grave Robber (level 7, -2/53 HPs)
             Began as a Gnoll Wanderer on June 24, 2023.
             Slain by a lemure (3 damage)
             ... led by Pikel
             ... on level 2 of the Dungeon.
             The game lasted 00:25:07 (6096 turns).

GimliDwarf the Grave Robber (Gnoll Wanderer)        Turns: 6096, Time: 00:25:07

Health: -2/53      AC:  3    Str: 12    XL:     7   Next: 81%
Magic:  13/15      EV: 12    Int: 15    God:
Gold:   208        SH:  0    Dex:  9    Spells: 6/17 levels left

rFire   . . .        k - +2 short sword (speed)
rCold   . . .        (no shield)
rNeg    . . .        c - +0 robe
rPois   .            (no helmet)
rElec   .            d - +0 cloak
rCorr   .            (no gloves)
SInv    .            (no boots)
Will    .....        (no amulet)
Stlth   ++           (no ring)
HPRegen 0.28/turn    (no ring)
MPRegen 0.14/turn

%: no passive effects
@: no status effects
A: fangs 1, strong nose, distributed training
a: no special abilities


You were on level 2 of the Dungeon.
You visited 1 branch of the dungeon, and saw 4 of its levels.
You also visited: Sewer.

You collected 208 gold pieces.

Inventory:

Hand Weapons
 a - a +3 short sword
 k - a +2 short sword of speed (weapon)
Missiles
 s - a curare-tipped dart
Armour
 c - a +0 robe (worn)
 d - a +0 cloak (worn)
Wands
 u - a wand of iceblast (9)
Scrolls
 b - a scroll of fog
 g - a scroll of magic mapping
 h - 2 scrolls of teleportation
 i - a scroll of enchant weapon
 l - a scroll of identify
 m - a scroll of blinking
Potions
 e - a potion of berserk rage {unknown}
 f - 3 potions of brilliance
 j - 3 potions of magic {unknown}
 n - 3 potions of curing {unknown}
 o - a potion of heal wounds
 q - 2 potions of mutation {unknown}
 t - a potion of haste {unknown}
 v - a potion of flight {unknown}


   Skills:
 + Level 3.9 Fighting
 + Level 2.8 Short Blades
 + Level 2.8 Long Blades
 + Level 2.8 Axes
 + Level 2.8 Maces & Flails
 + Level 2.8 Polearms
 + Level 2.8 Staves
 + Level 2.8 Ranged Weapons
 + Level 2.8 Throwing
 + Level 2.8 Armour
 + Level 2.8 Dodging
 + Level 3.7 Stealth
 + Level 2.8 Shields
 + Level 2.8 Unarmed Combat
 + Level 5.8 Spellcasting
 + Level 2.3 Conjurations
 + Level 2.3 Hexes
 + Level 4.5 Summonings
 + Level 7.5 Necromancy
 + Level 2.3 Translocations
 + Level 2.3 Transmutations
 + Level 2.3 Fire Magic
 + Level 2.3 Ice Magic
 + Level 2.3 Air Magic
 + Level 2.3 Earth Magic
 + Level 2.3 Poison Magic
 + Level 3.1 Invocations
 + Level 2.8 Evocations


You had 6 spell levels left.
You knew the following spells:

 Your Spells              Type           Power      Damage    Failure   Level
a - Summon Small Mammal   Summ           68%        N/A       2%          1
b - Vampiric Draining     Necr           26%        2d7       1%          3
c - Summon Guardian Gole  Hex/Summ       14%        N/A       11%         3
d - Anguish               Hex/Necr       9%         N/A       21%         4

Your spell library contained the following spells:

 Spells                   Type           Power      Damage    Failure   Level
 Kiss of Death            Conj/Necr      76%        2d11      1%          1
 Apportation              Tloc           22%        N/A       6%          1
 Sandblast                Erth           22%        2d7       6%          1
 Ensorcelled Hibernation  Hex/Ice        22%        N/A       9%          2
 Passwall                 Tmut/Erth      9%         N/A       9%          2
 Dazzling Flash           Conj/Hex       22%        N/A       17%         3
 Spider Form              Tmut/Pois      11%        N/A       17%         3
 Stone Arrow              Conj/Erth      22%        3d8       17%         3
 Volatile Blastmotes      Fire/Tloc      22%        2d11      17%         3
 Animate Armour           Summ/Erth      28%        N/A       36%         4
 Iskenderun's Mystic Bla  Conj/Tloc      11%        2d4       50%         4
 Alistair's Intoxication  Tmut/Pois      7%         N/A       85%         5
 Starburst                Conj/Fire      5%         6d4       100%        6


Dungeon Overview and Level Annotations

Branches:
Dungeon (4/15)              Sewer (visited)
 Temple: D:4-7

Altars:
Ashenzari
Hepliaklqana

Annotations:
D:4 Pikel


Innate Abilities, Weirdness & Mutations

You have very sharp teeth.
Your uncanny sense of smell can sniff out nearby items.
Your experience applies equally to all skills.


Message History

There is a stone staircase leading down here.
You feel much better. The lemure hits you but does no damage.
The lemure hits you. The lemure barely misses you.
The lemure attacks as you move away! The lemure hits you.
The lemure attacks as you move away! The lemure completely misses you.
The lemure attacks as you move away! The lemure hits you.
* * * LOW HITPOINT WARNING * * *
The lemure attacks as you move away! The lemure barely misses you.
The lemure attacks as you move away! The lemure hits you but does no damage.
The lemure attacks as you move away! The lemure hits you!
* * * LOW HITPOINT WARNING * * *
The lemure attacks as you move away! The lemure hits you!
* * * LOW HITPOINT WARNING * * *
There is a stone staircase leading up here.
The lemure closely misses you.
You climb upwards.
There is a stone staircase leading down here.
Casting: Vampiric Draining (safe; 1% risk of failure)
Confirm with . or Enter, or press ? or * to list all spells.
Aiming: Vampiric Draining (safe; 1% risk of failure)
Press: ? - help, Shift-Dir - straight line, f - you That would be overly suicidal.
Okay, then.
Unknown command.
Casting: Summon Small Mammal (safe; 2% risk of failure)
Press: ? - help, Q - select action, (/) - cycle Dir - look around, f - activate The lemure barely misses you.
Casting: Summon Small Mammal (safe; 2% risk of failure)
Press: ? - help, Q - select action, (/) - cycle Dir - look around, f - activate The lemure barely misses you.
The lemure attacks as you move away! The lemure closely misses you.
Your quokka closely misses the lemure.
Your rat bites the lemure.
You swap places.
Your quokka bites the lemure but does no damage.
The lemure hits you.
* * * LOW HITPOINT WARNING * * *
Your rat completely misses the lemure.
The lemure attacks as you move away! The lemure hits you.
You die...

....#
#.............##..#......#
#####
#.............##.###.....#
#.............#..........#
#.............#..###....###
#.............#............
#...............####....###
#.............(## ######
#.........r5>.##
#.........@.r.#
#.............#
############'##############
#...............
################


You could see a lemure (ally target), a friendly quokka (summoned) and a
friendly rat (summoned).

Vanquished Creatures
  A lemure (D:4)
  2 kobold brigands (Sewer)
  A hound (D:4)
  An orc wizard (D:3)
  3 gnolls (D:2)
  10 adders
  2 river rats
  6 worms (Sewer)
  A dart slug (D:1)
  An orc (D:3)
  9 endoplasms
  4 giant cockroaches
  5 goblins
  5 hobgoblins
  4 quokkas
  6 ball pythons
  3 bats (D:3)
  4 frilled lizards
  7 kobolds
  8 rats
83 creatures vanquished.

Vanquished Creatures (collateral kills)
  2 kobold brigands (Sewer)
  An iguana (D:4)
  A gnoll (D:2)
  2 adders
  2 worms
  2 orcs (D:3)
  5 bats
  2 endoplasms (D:1)
  2 giant cockroaches
  3 goblins
  2 hobgoblins
  2 kobolds (D:2)
  2 quokkas
  A ball python (D:1)
  A frilled lizard (D:1)
  A rat (D:1)
  A spectral kobold (D:3)
32 creatures vanquished.

Vanquished Creatures (others)
  Menkaure (D:4)
  A kobold (D:4)
2 creatures vanquished.

Grand Total: 117 creatures vanquished

Notes
Turn   | Place    | Note
-------+----------+-------------------------------------------
     0 | D:1      | GimliDwarf the Gnoll Wanderer began the quest for the Orb.
     0 | D:1      | GimliDwarf set off with the following items: a +0 club, a
                  | scroll of fog, a +0 robe, a +0 cloak; and the following
                  | spells available to memorise: Vampiric Draining, Kiss of
                  | Death, Summon Small Mammal, Summon Guardian Golem, Animate
                  | Armour.
     0 | D:1      | Reached XP level 1. HP: 17/17 MP: 6/6
     2 | D:1      | Learned a level 1 spell: Summon Small Mammal
   196 | D:1      | Found a faded altar of an unknown god.
   201 | D:1      | Reached XP level 2. HP: 23/23 MP: 5/7
   648 | D:1      | Reached skill level 5 in Spellcasting
   648 | D:1      | Reached XP level 3. HP: 28/28 MP: 7/9
   652 | D:1      | Learned a level 3 spell: Vampiric Draining
   656 | D:1      | Learned a level 3 spell: Summon Guardian Golem
  1033 | D:2      | Reached skill level 1 in Invocations
  1145 | D:2      | Reached skill level 1 in Short Blades
  1145 | D:2      | Reached skill level 1 in Long Blades
  1145 | D:2      | Reached skill level 1 in Axes
  1145 | D:2      | Reached skill level 1 in Maces & Flails
  1145 | D:2      | Reached skill level 1 in Polearms
  1145 | D:2      | Reached skill level 1 in Staves
  1145 | D:2      | Reached skill level 1 in Ranged Weapons
  1145 | D:2      | Reached skill level 1 in Throwing
  1145 | D:2      | Reached skill level 1 in Armour
  1145 | D:2      | Reached skill level 1 in Dodging
  1145 | D:2      | Reached skill level 1 in Shields
  1145 | D:2      | Reached skill level 1 in Unarmed Combat
  1145 | D:2      | Reached skill level 1 in Evocations
  1335 | D:2      | Reached XP level 4. HP: 16/34 MP: 4/11
  1509 | D:2      | Reached skill level 1 in Conjurations
  1509 | D:2      | Reached skill level 1 in Hexes
  1509 | D:2      | Reached skill level 1 in Translocations
  1509 | D:2      | Reached skill level 1 in Transmutations
  1509 | D:2      | Reached skill level 1 in Fire Magic
  1509 | D:2      | Reached skill level 1 in Ice Magic
  1509 | D:2      | Reached skill level 1 in Air Magic
  1509 | D:2      | Reached skill level 1 in Earth Magic
  1509 | D:2      | Reached skill level 1 in Poison Magic
  1636 | D:2      | You fall into a shaft and drop 2 floors!
  1675 | D:4      | Noticed Menkaure
  2113 | D:2      | Reached XP level 5. HP: 35/40 MP: 0/12
  2500 | D:3      | Found a glowing drain.
  2509 | Sewer    | Entered a sewer
  2767 | Sewer    | Noticed a kobold brigand
  2798 | Sewer    | Noticed a kobold brigand
  3330 | Sewer    | Noticed a kobold brigand
  3350 | Sewer    | Killed a kobold brigand
  3351 | Sewer    | Reached XP level 6. HP: 36/47 MP: 2/14
  3793 | Sewer    | Reached XP level 7. HP: 25/52 MP: 2/15
  4588 | D:3      | Found a hazy altar of Hepliaklqana.
  5222 | D:4      | Found a broken altar of Ashenzari.
  5331 | D:4      | Killed Menkaure
  5576 | D:4      | Learned a level 4 spell: Anguish
  5761 | D:4      | Noticed Pikel
  6073 | D:4      | HP: 1/53 [lemure[Pikel] (5)]
  6095 | D:2      | HP: 1/53 [lemure[Pikel] (4)]
  6096 | D:2      | Slain by a lemure

Illustrated notes

Levels and vault maps discovered:
D:1:      kennysheep_arrival_forest, layout_loops_ring,
          dreamdust_ecumenical_altar_grove, minmay_box_of_dots
D:2:      layout_basic, minmay_crystal_room, minmay_tromino_i2
D:3:      layout_loops_cross, nicolae_hepliaklqana_monster_ancestors,
          cheibrodos_sewer_entry_sluice, nicolae_concentric_dashed_squares_wild
D:4:      nicolae_cairo_tiling, layout_gridville, lemuel_tele_altar,
          chequers_decorated_corner, uniq_menkaure, uniq_pikel

Skill      XL: |  1  2  3  4  5  6  7 |
---------------+----------------------+-----
Spellcasting   | 5 |  5.8
Invocations    | 1 2 3 |  3.1
Short Blades   | 1 2 |  2.8
Long Blades    | 1 2 |  2.8
Axes           | 1 2 |  2.8
Maces & Flails | 1 2 |  2.8
Polearms       | 1 2 |  2.8
Staves         | 1 2 |  2.8
Ranged Weapons | 1 2 |  2.8
Throwing       | 1 2 |  2.8
Armour         | 1 2 |  2.8
Dodging        | 1 2 |  2.8
Shields        | 1 2 |  2.8
Unarmed Combat | 1 2 |  2.8
Evocations     | 1 2 |  2.8
Conjurations   | 1 2 |  2.3
Hexes          | 1 2 |  2.3
Translocations | 1 2 |  2.3
Transmutations | 1 2 |  2.3
Fire Magic     | 1 2 |  2.3
Ice Magic      | 1 2 |  2.3
Air Magic      | 1 2 |  2.3
Earth Magic    | 1 2 |  2.3
Poison Magic   | 1 2 |  2.3
Fighting       | 3 |  3.9
Summonings     | 4 |  4.5
Stealth        | 3 |  3.7
Necromancy     | |  7.5

Action                     |  1- 3 |  4- 6 |  7- 9 || total
---------------------------+-------+-------+-------++-------
  Melee: Club              |    17 |       |       ||    17
         Short sword       |    72 |   117 |   105 ||   294
         Mace              |     4 |       |       ||     4
         Bite              |     5 |     7 |     7 ||    19
         Punch             |       |     2 |     3 ||     5
   Cast: Summon Small Mamm |    35 |    25 |    24 ||    84
         Vampiric Draining |     4 |    50 |    11 ||    65
         Summon Guardian G |       |       |     8 ||     8
  Evoke: Wand              |       |       |     1 ||     1
    Use: Scroll            |       |       |    12 ||    12
         Potion            |       |       |     2 ||     2
   Stab: Sleeping          |     3 |     3 |     4 ||    10
         Distracted        |     1 |       |     1 ||     2
 Armour: Robe              |    31 |    44 |    20 ||    95
  Dodge: Dodged            |    71 |    85 |    78 ||   234
